3002 views
Uploaded 2020-02-29 03:17:19
Game version 1.32.2
18:22 long 4on4 ladder game on (8)GolemsInTheMist_LV
Saved by Teelo
3002 views
Uploaded 2020-02-29 03:17:19
Game version 1.32.2
18:22 long 4on4 ladder game on (8)GolemsInTheMist_LV


107 units @ 17.4k
/ 2.2k
66 buildings @ 8.7k
/ 3.4k


| Rod of Necromancy | 4 | 600 |
| Lesser Clarity Potion | 7 | 490 |
| Orb of Corruption | 1 | 375 |
| Scroll of Regeneration | 2 | 200 |
| total: | 14 | 1665g |
| Acolyte | 3 | 225 | / | 0 |
| Ghoul | 4 | 480 | / | 0 |
| Crypt Fiend | 12 | 2580 | / | 480 |
| Obsidian Statue | 3 | 600 | / | 105 |
| Goblin Shredder | 2 | 750 | / | 200 |
| total: | 24 | 4635g | / | 785w |
| Nerubian Tower | 1 | 100 | / | 20 |
| Spirit Tower | 1 | 145 | / | 40 |
| Graveyard | 1 | 215 | / | 0 |
| Crypt | 2 | 400 | / | 100 |
| Altar of Darkness | 2 | 360 | / | 100 |
| Ziggurat | 4 | 600 | / | 200 |
| Tomb of Relics | 2 | 260 | / | 60 |
| Necropolis | 1 | 225 | / | 0 |
| Slaughterhouse | 1 | 140 | / | 135 |
| Sacrificial Pit | 1 | 75 | / | 150 |
| Boneyard | 1 | 175 | / | 200 |
| Halls of the Dead | 3 | 960 | / | 630 |
| Black Citadel | 1 | 325 | / | 230 |
| total: | 15 | 2450g | / | 945w |
| 0:05 | Acolyte |
| 0:05 | Acolyte |
| 0:21 | Graveyard |
| 0:22 | Crypt |
| 0:36 | Altar of Darkness |
| 0:42 | Ziggurat |
| 0:54 | Tomb of Relics |
| 1:20 | Ziggurat |
| 1:24 | Ghoul |
| 1:46 | Crypt Fiend |
| 2:03 | Crypt Fiend |
| 2:36 | Rod of Necromancy |
| 2:36 | Rod of Necromancy |
| 2:45 | Death Coil |
| 2:47 | Ghoul |
| 2:54 | Ghoul |
| 3:07 | Crypt Fiend |
| 3:23 | Ghoul |
| 3:25 | Ziggurat |
| 3:44 | Nerubian Tower |
| 3:50 | Halls of the Dead |
| 4:26 | Rod of Necromancy |
| 4:38 | Unholy Aura |
| 4:43 | Crypt Fiend |
| 4:55 | Altar of Darkness |
| 5:42 | Crypt Fiend |
| 5:48 | Lesser Clarity Potion |
| 6:05 | Crypt Fiend |
| 6:20 | Tomb of Relics |
| 6:25 | Death Coil |
| 6:31 | Spirit Tower |
| 7:36 | Lesser Clarity Potion |
| 7:36 | Lesser Clarity Potion |
| 7:56 | Unholy Aura |
| 8:23 | Necropolis |
| 8:44 | Crypt |
| 9:03 | Scroll of Regeneration |
| 9:04 | Lesser Clarity Potion |
| 9:13 | Goblin Shredder |
| 9:13 | Goblin Shredder |
| 9:50 | Crypt Fiend |
| 9:54 | Halls of the Dead |
| 9:56 | Creature Attack |
| 10:06 | Rod of Necromancy |
| 10:18 | Crypt Fiend |
| 10:28 | Ziggurat |
| 10:56 | Crypt Fiend |
| 11:22 | Crypt Fiend |
| 11:24 | Creature Carapace |
| 11:37 | Scroll of Regeneration |
| 11:37 | Lesser Clarity Potion |
| 11:37 | Lesser Clarity Potion |
| 11:42 | Lesser Clarity Potion |
| 12:37 | Slaughterhouse |
| 13:13 | Black Citadel |
| 13:39 | Frost Nova |
| 13:55 | Obsidian Statue |
| 14:19 | Obsidian Statue |
| 14:32 | Web |
| 14:33 | Obsidian Statue |
| 14:51 | Crypt Fiend |
| 14:59 | Death Coil |
| 15:32 | Sacrificial Pit |
| 15:34 | Acolyte |
| 15:41 | Orb of Corruption |
| 16:01 | Destroyer Form |
| 16:32 | Boneyard |
| 17:26 | Crypt Fiend |
| 17:43 | Frost Armor |
| 17:45 | Improved Creature Attack |
| Right click | 922 |
| Select | 483 |
| Chat | 392 |
| Build/train/purchase | 102 |
| Misc. action | 39 |
| Use ability | 29 |
| Resource trade | 10 |
| Minimap ping | 5 |
| Assign group | 1 |
| Remove unit | 1 |
| Select group | 1 |

| Lesser Clarity Potion | 4 | 280 |
| Healing Salve | 1 | 100 |
| Potion of Healing | 2 | 300 |
| Potion of Mana | 1 | 200 |
| Scroll of Town Portal | 2 | 700 |
| Rod of Necromancy | 2 | 300 |
| total: | 12 | 1880g |
| Peon | 11 | 825 | / | 0 |
| Grunt | 2 | 400 | / | 0 |
| Tauren | 4 | 1120 | / | 320 |
| Goblin Zeppelin | 1 | 240 | / | 60 |
| total: | 18 | 2585g | / | 380w |
| Watch Tower | 5 | 550 | / | 400 |
| Altar of Storms | 1 | 180 | / | 50 |
| Orc Burrow | 7 | 1120 | / | 280 |
| War Mill | 1 | 205 | / | 0 |
| Voodoo Lounge | 1 | 130 | / | 30 |
| Barracks | 1 | 180 | / | 50 |
| Great Hall | 1 | 385 | / | 185 |
| Tauren Totem | 2 | 270 | / | 310 |
| Stronghold | 2 | 630 | / | 380 |
| Fortress | 1 | 325 | / | 190 |
| total: | 19 | 3020g | / | 1305w |
| 0:05 | Peon |
| 0:06 | Peon |
| 0:06 | Peon |
| 0:23 | Altar of Storms |
| 0:38 | Orc Burrow |
| 0:45 | Peon |
| 0:53 | War Mill |
| 1:02 | Peon |
| 1:16 | Peon |
| 1:18 | Peon |
| 1:38 | Orc Burrow |
| 1:43 | Peon |
| 1:46 | Peon |
| 2:00 | Voodoo Lounge |
| 2:17 | Peon |
| 2:26 | Barracks |
| 2:29 | Serpent Ward |
| 2:57 | Stronghold |
| 3:23 | Watch Tower |
| 3:25 | Watch Tower |
| 3:27 | Lesser Clarity Potion |
| 3:29 | Healing Salve |
| 3:50 | Grunt |
| 4:46 | Grunt |
| 5:12 | Healing Wave |
| 5:29 | Fortress |
| 5:30 | Steel Melee Weapons |
| 5:32 | Tauren Totem |
| 5:34 | Tauren Totem |
| 5:52 | Rod of Necromancy |
| 7:08 | Thorium Melee Weapons |
| 7:08 | Steel Armor |
| 7:11 | Watch Tower |
| 7:15 | Spirit Walker Adept Training |
| 7:20 | Serpent Ward |
| 7:30 | Rod of Necromancy |
| 7:31 | Potion of Healing |
| 7:31 | Potion of Mana |
| 7:41 | Potion of Healing |
| 8:06 | Scroll of Town Portal |
| 8:06 | Scroll of Town Portal |
| 8:13 | Lesser Clarity Potion |
| 8:13 | Lesser Clarity Potion |
| 8:45 | Tauren |
| 9:15 | Tauren |
| 9:23 | Reinforced Defenses |
| 10:02 | Goblin Zeppelin |
| 10:16 | Orc Burrow |
| 10:19 | Orc Burrow |
| 10:27 | Pulverize |
| 10:39 | Healing Wave |
| 11:31 | Great Hall |
| 11:32 | Watch Tower |
| 11:33 | Watch Tower |
| 12:13 | Tauren |
| 12:14 | Tauren |
| 13:37 | Serpent Ward |
| 14:30 | Peon |
| 14:58 | Orc Burrow |
| 15:18 | Orc Burrow |
| 16:21 | Stronghold |
| 16:30 | Lesser Clarity Potion |
| 16:51 | Orc Burrow |
| Right click | 517 |
| Select group | 204 |
| Select | 191 |
| Chat | 152 |
| Build/train/purchase | 73 |
| Use ability | 59 |
| Misc. action | 52 |
| Assign group | 41 |
| Resource trade | 10 |
| Item give/drop | 1 |


| Scroll of Regeneration | 4 | 400 |
| Lesser Clarity Potion | 7 | 490 |
| Potion of Healing | 3 | 450 |
| Potion of Mana | 2 | 400 |
| Scroll of Town Portal | 1 | 350 |
| Scroll of Healing | 2 | 500 |
| total: | 19 | 2590g |
| Peasant | 4 | 300 | / | 0 |
| Footman | 8 | 1080 | / | 0 |
| Rifleman | 13 | 2665 | / | 390 |
| Mortar Team | 5 | 900 | / | 350 |
| Forest Troll Shadow Priest | 1 | 195 | / | 10 |
| Forest Troll Berserker | 1 | 245 | / | 30 |
| total: | 32 | 5385g | / | 780w |
| Scout Tower | 1 | 30 | / | 20 |
| Arcane Tower | 1 | 70 | / | 50 |
| Altar of Kings | 1 | 180 | / | 50 |
| Farm | 11 | 880 | / | 220 |
| Barracks | 1 | 160 | / | 60 |
| Arcane Vault | 1 | 130 | / | 30 |
| Lumber Mill | 1 | 120 | / | 0 |
| Blacksmith | 2 | 280 | / | 120 |
| Workshop | 2 | 280 | / | 280 |
| Keep | 1 | 320 | / | 210 |
| Castle | 1 | 360 | / | 210 |
| total: | 20 | 2060g | / | 780w |
| 0:04 | Peasant |
| 0:04 | Peasant |
| 0:22 | Altar of Kings |
| 0:24 | Peasant |
| 0:27 | Peasant |
| 0:41 | Farm |
| 0:51 | Barracks |
| 1:05 | Farm |
| 1:44 | Farm |
| 1:55 | Footman |
| 1:58 | Footman |
| 2:10 | Arcane Vault |
| 2:15 | Lumber Mill |
| 2:18 | Footman |
| 2:24 | Footman |
| 2:36 | Storm Bolt |
| 2:42 | Footman |
| 3:17 | Footman |
| 3:20 | Footman |
| 3:53 | Footman |
| 3:55 | Scout Tower |
| 3:59 | Blacksmith |
| 4:36 | Arcane Tower |
| 4:46 | Scroll of Regeneration |
| 4:48 | Lesser Clarity Potion |
| 4:49 | Lesser Clarity Potion |
| 4:49 | Scroll of Regeneration |
| 5:03 | Blacksmith |
| 5:08 | Farm |
| 5:13 | Farm |
| 6:10 | Farm |
| 6:15 | Rifleman |
| 6:15 | Rifleman |
| 6:17 | Black Gunpowder |
| 7:04 | Rifleman |
| 7:09 | Studded Leather Armor |
| 7:20 | Thunder Clap |
| 7:26 | Lesser Clarity Potion |
| 7:27 | Scroll of Regeneration |
| 8:36 | Rifleman |
| 8:37 | Keep |
| 8:39 | Rifleman |
| 9:09 | Rifleman |
| 9:23 | Lesser Clarity Potion |
| 9:41 | Lesser Clarity Potion |
| 9:52 | Rifleman |
| 9:54 | Farm |
| 10:22 | Forest Troll Shadow Priest |
| 10:48 | Forest Troll Berserker |
| 10:54 | Bash |
| 11:22 | Castle |
| 11:24 | Improved Lumber Harvesting |
| 11:30 | Rifleman |
| 13:08 | Bash |
| 13:42 | Rifleman |
| 13:43 | Rifleman |
| 13:46 | Workshop |
| 13:49 | Workshop |
| 13:58 | Rifleman |
| 14:18 | Rifleman |
| 14:26 | Farm |
| 14:27 | Farm |
| 14:29 | Mortar Team |
| 14:29 | Mortar Team |
| 14:33 | Fragmentation Shards |
| 14:34 | Mortar Team |
| 14:38 | Advanced Lumber Harvesting |
| 15:09 | Rifleman |
| 15:24 | Potion of Healing |
| 15:24 | Lesser Clarity Potion |
| 15:27 | Potion of Healing |
| 15:27 | Lesser Clarity Potion |
| 15:31 | Holy Light |
| 15:37 | Mortar Team |
| 15:58 | Mortar Team |
| 16:07 | Scroll of Town Portal |
| 16:08 | Potion of Mana |
| 16:08 | Scroll of Regeneration |
| 16:38 | Farm |
| 16:44 | Farm |
| 17:37 | Potion of Healing |
| 17:37 | Scroll of Healing |
| 17:43 | Potion of Mana |
| 17:43 | Scroll of Healing |
| Misc. action | 287 |
| Select group | 256 |
| Select | 239 |
| Chat | 109 |
| Build/train/purchase | 100 |
| Assign group | 50 |
| Use ability | 45 |
| Right click | 29 |
| Resource trade | 22 |
| Minimap ping | 18 |
| Esc | 3 |


| Peasant | 3 | 225 | / | 0 |
| Footman | 23 | 3105 | / | 0 |
| Rifleman | 7 | 1435 | / | 210 |
| total: | 33 | 4765g | / | 210w |
| Scout Tower | 2 | 60 | / | 40 |
| Guard Tower | 2 | 140 | / | 100 |
| Altar of Kings | 1 | 180 | / | 50 |
| Lumber Mill | 1 | 120 | / | 0 |
| Barracks | 1 | 160 | / | 60 |
| Farm | 6 | 480 | / | 120 |
| Blacksmith | 1 | 140 | / | 60 |
| Keep | 1 | 320 | / | 210 |
| Castle | 1 | 360 | / | 210 |
| total: | 12 | 1140g | / | 330w |
| 0:05 | Altar of Kings |
| 0:13 | Lumber Mill |
| 0:21 | Peasant |
| 0:21 | Peasant |
| 0:43 | Barracks |
| 1:08 | Farm |
| 1:49 | Farm |
| 2:13 | Farm |
| 2:22 | Storm Bolt |
| 2:27 | Footman |
| 2:27 | Footman |
| 2:27 | Footman |
| 2:28 | Footman |
| 2:38 | Footman |
| 2:39 | Footman |
| 3:11 | Farm |
| 4:09 | Peasant |
| 4:53 | Thunder Clap |
| 6:00 | Keep |
| 6:12 | Blacksmith |
| 7:09 | Footman |
| 7:09 | Footman |
| 7:10 | Footman |
| 7:10 | Footman |
| 7:10 | Footman |
| 7:10 | Footman |
| 7:10 | Footman |
| 7:10 | Footman |
| 7:34 | Rifleman |
| 7:34 | Rifleman |
| 7:35 | Rifleman |
| 7:35 | Rifleman |
| 7:35 | Rifleman |
| 7:35 | Rifleman |
| 7:35 | Rifleman |
| 9:31 | Farm |
| 9:34 | Farm |
| 10:07 | Black Gunpowder |
| 10:54 | Castle |
| 10:59 | Scout Tower |
| 11:02 | Scout Tower |
| 11:13 | Summon Water Elemental |
| 11:31 | Improved Lumber Harvesting |
| 11:34 | Guard Tower |
| 12:08 | Guard Tower |
| 12:14 | Footman |
| 12:15 | Footman |
| 12:15 | Footman |
| 12:15 | Footman |
| 12:15 | Footman |
| 12:15 | Footman |
| 12:15 | Footman |
| 12:15 | Footman |
| 12:16 | Footman |
| 13:01 | Storm Bolt |
| 13:23 | Brilliance Aura |
| Right click | 852 |
| Select | 183 |
| Build/train/purchase | 59 |
| Use ability | 14 |
| Resource trade | 14 |
| Remove unit | 11 |
| Select group | 9 |
| Assign group | 3 |
| Misc. action | 1 |
200 units @ 26.7k
/ 2.3k
55 buildings @ 8.1k
/ 3.2k

| Peasant | 18 | 1350 | / | 0 |
| Footman | 44 | 5940 | / | 0 |
| total: | 62 | 7290g | / | 0w |
| Farm | 9 | 720 | / | 180 |
| Altar of Kings | 1 | 180 | / | 50 |
| Barracks | 2 | 320 | / | 120 |
| Town Hall | 1 | 385 | / | 205 |
| Keep | 1 | 320 | / | 210 |
| total: | 13 | 1605g | / | 555w |
| 0:03 | Peasant |
| 0:03 | Peasant |
| 0:03 | Peasant |
| 0:20 | Farm |
| 0:33 | Peasant |
| 0:33 | Peasant |
| 0:33 | Peasant |
| 0:34 | Peasant |
| 0:34 | Peasant |
| 0:34 | Peasant |
| 0:51 | Altar of Kings |
| 1:07 | Barracks |
| 1:21 | Barracks |
| 1:40 | Farm |
| 2:11 | Footman |
| 2:22 | Footman |
| 2:27 | Farm |
| 2:28 | Footman |
| 2:29 | Footman |
| 2:29 | Footman |
| 2:29 | Footman |
| 2:39 | Footman |
| 2:47 | Footman |
| 2:53 | Summon Water Elemental |
| 3:04 | Footman |
| 3:10 | Farm |
| 3:23 | Footman |
| 3:43 | Footman |
| 3:43 | Footman |
| 3:50 | Footman |
| 4:29 | Footman |
| 4:30 | Defend |
| 4:43 | Farm |
| 4:46 | Farm |
| 4:48 | Farm |
| 4:50 | Farm |
| 4:56 | Farm |
| 5:24 | Footman |
| 5:24 | Footman |
| 5:36 | Footman |
| 6:00 | Brilliance Aura |
| 6:12 | Footman |
| 6:12 | Footman |
| 6:12 | Footman |
| 6:31 | Footman |
| 7:13 | Footman |
| 8:25 | Footman |
| 8:25 | Footman |
| 8:25 | Footman |
| 9:14 | Peasant |
| 9:14 | Peasant |
| 9:14 | Peasant |
| 9:33 | Footman |
| 9:33 | Footman |
| 9:34 | Footman |
| 10:02 | Summon Water Elemental |
| 10:05 | Peasant |
| 10:11 | Town Hall |
| 11:11 | Footman |
| 11:26 | Keep |
| 11:48 | Footman |
| 12:18 | Footman |
| 12:45 | Footman |
| 12:45 | Footman |
| 13:11 | Footman |
| 13:12 | Footman |
| 14:04 | Peasant |
| 14:04 | Peasant |
| 15:11 | Brilliance Aura |
| 15:35 | Peasant |
| 15:35 | Peasant |
| 15:35 | Peasant |
| 15:40 | Footman |
| 16:18 | Footman |
| 16:43 | Footman |
| 17:23 | Footman |
| 17:23 | Footman |
| 17:23 | Footman |
| 17:48 | Footman |
| 18:09 | Footman |
| 18:09 | Footman |
| 18:16 | Brilliance Aura |
| Select | 312 |
| Select group | 251 |
| Right click | 237 |
| Misc. action | 126 |
| Build/train/purchase | 120 |
| Assign group | 11 |
| Minimap ping | 10 |
| Remove unit | 6 |
| Chat | 6 |
| Use ability | 2 |

| Scroll of Regeneration | 2 | 200 |
| Lesser Clarity Potion | 2 | 140 |
| Potion of Healing | 1 | 150 |
| Scroll of Healing | 2 | 500 |
| Scroll of Town Portal | 2 | 700 |
| Potion of Lesser Invulnerability | 1 | 150 |
| total: | 10 | 1840g |
| Peasant | 5 | 375 | / | 0 |
| Footman | 29 | 3915 | / | 0 |
| Rifleman | 8 | 1640 | / | 240 |
| total: | 42 | 5930g | / | 240w |
| Altar of Kings | 1 | 180 | / | 50 |
| Farm | 6 | 480 | / | 120 |
| Barracks | 2 | 320 | / | 120 |
| Arcane Vault | 1 | 130 | / | 30 |
| Blacksmith | 1 | 140 | / | 60 |
| Lumber Mill | 1 | 120 | / | 0 |
| Keep | 1 | 320 | / | 210 |
| Castle | 1 | 360 | / | 210 |
| total: | 12 | 1370g | / | 380w |
| 0:05 | Peasant |
| 0:05 | Peasant |
| 0:15 | Altar of Kings |
| 0:19 | Farm |
| 0:33 | Barracks |
| 0:35 | Peasant |
| 0:35 | Peasant |
| 0:57 | Farm |
| 1:03 | Peasant |
| 1:35 | Farm |
| 1:38 | Footman |
| 1:38 | Footman |
| 1:39 | Footman |
| 1:59 | Barracks |
| 2:07 | Footman |
| 2:11 | Farm |
| 2:18 | Summon Water Elemental |
| 2:25 | Footman |
| 2:55 | Footman |
| 3:01 | Farm |
| 3:02 | Footman |
| 3:14 | Defend |
| 3:33 | Footman |
| 4:02 | Footman |
| 4:02 | Footman |
| 4:13 | Footman |
| 4:13 | Footman |
| 4:26 | Arcane Vault |
| 4:43 | Footman |
| 4:44 | Footman |
| 5:10 | Footman |
| 5:16 | Footman |
| 5:16 | Footman |
| 5:44 | Footman |
| 5:53 | Footman |
| 5:53 | Footman |
| 5:55 | Brilliance Aura |
| 6:16 | Footman |
| 6:16 | Footman |
| 6:29 | Footman |
| 6:29 | Footman |
| 6:55 | Footman |
| 6:55 | Footman |
| 6:55 | Footman |
| 7:18 | Footman |
| 7:18 | Footman |
| 8:20 | Keep |
| 8:23 | Blacksmith |
| 8:32 | Farm |
| 8:59 | Lumber Mill |
| 9:07 | Iron Forged Swords |
| 9:08 | Iron Plating |
| 9:17 | Scroll of Regeneration |
| 9:20 | Lesser Clarity Potion |
| 9:44 | Steel Plating |
| 9:44 | Mithril Plating |
| 10:00 | Potion of Lesser Invulnerability |
| 10:11 | Scroll of Healing |
| 10:11 | Scroll of Healing |
| 10:12 | Summon Water Elemental |
| 10:42 | Long Rifles |
| 10:43 | Black Gunpowder |
| 10:44 | Studded Leather Armor |
| 10:52 | Rifleman |
| 11:12 | Improved Lumber Harvesting |
| 11:28 | Rifleman |
| 12:08 | Rifleman |
| 12:08 | Rifleman |
| 13:33 | Brilliance Aura |
| 13:34 | Scroll of Town Portal |
| 13:35 | Scroll of Regeneration |
| 13:35 | Lesser Clarity Potion |
| 13:41 | Potion of Healing |
| 13:44 | Refined Gunpowder |
| 14:08 | Rifleman |
| 14:51 | Rifleman |
| 15:29 | Scroll of Town Portal |
| 15:45 | Rifleman |
| 15:45 | Rifleman |
| 15:57 | Summon Water Elemental |
| 18:08 | Reinforced Leather Armor |
| 18:09 | Castle |
| Right click | 618 |
| Select group | 304 |
| Select | 247 |
| Build/train/purchase | 141 |
| Assign group | 25 |
| Minimap ping | 14 |
| Chat | 5 |
| Use ability | 4 |


| Potion of Mana | 1 | 200 |
| Potion of Healing | 1 | 150 |
| Orb of Venom | 1 | 325 |
| Scroll of Town Portal | 2 | 700 |
| total: | 5 | 1375g |
| Wisp | 21 | 1260 | / | 0 |
| Archer | 19 | 2470 | / | 190 |
| Glaive Thrower | 8 | 1680 | / | 520 |
| Dryad | 3 | 435 | / | 180 |
| total: | 51 | 5845g | / | 890w |
| Moon Well | 8 | 1440 | / | 320 |
| Altar of Elders | 1 | 180 | / | 50 |
| Ancient of War | 2 | 300 | / | 120 |
| Ancient of Wonders | 1 | 90 | / | 30 |
| Hunter's Hall | 1 | 210 | / | 100 |
| Tree of Life | 1 | 340 | / | 185 |
| Ancient of Lore | 3 | 465 | / | 435 |
| Tree of Ages | 2 | 640 | / | 360 |
| Tree of Eternity | 2 | 660 | / | 400 |
| total: | 17 | 3025g | / | 1240w |
| 0:03 | Wisp |
| 0:03 | Wisp |
| 0:03 | Wisp |
| 0:05 | Wisp |
| 0:15 | Moon Well |
| 0:28 | Altar of Elders |
| 0:39 | Wisp |
| 0:50 | Ancient of War |
| 0:56 | Wisp |
| 1:03 | Wisp |
| 1:18 | Wisp |
| 1:34 | Moon Well |
| 1:43 | Wisp |
| 1:51 | Archer |
| 1:53 | Archer |
| 2:03 | Ancient of Wonders |
| 2:06 | Wisp |
| 2:32 | Hunter's Hall |
| 2:38 | Force of Nature |
| 3:00 | Archer |
| 3:07 | Tree of Ages |
| 3:27 | Archer |
| 3:27 | Archer |
| 3:52 | Archer |
| 3:53 | Strength of the Moon |
| 3:53 | Moon Armor |
| 4:05 | Archer |
| 4:14 | Moon Well |
| 4:28 | Improved Moon Armor |
| 4:28 | Advanced Moon Armor |
| 5:16 | Entangling Roots |
| 5:30 | Improved Bows |
| 5:31 | Archer |
| 5:37 | Ancient of War |
| 6:11 | Archer |
| 6:24 | Improved Strength of the Moon |
| 6:37 | Moon Well |
| 6:40 | Glaive Thrower |
| 6:41 | Vorpal Blades |
| 6:44 | Glaive Thrower |
| 6:44 | Glaive Thrower |
| 7:13 | Force of Nature |
| 7:36 | Glaive Thrower |
| 9:08 | Entangling Roots |
| 9:15 | Tree of Life |
| 9:17 | Tree of Eternity |
| 9:32 | Archer |
| 10:07 | Scroll of Town Portal |
| 10:07 | Potion of Mana |
| 10:08 | Potion of Healing |
| 11:02 | Ultravision |
| 11:21 | Ancient of Lore |
| 11:22 | Ancient of Lore |
| 11:32 | Wisp |
| 11:32 | Wisp |
| 11:32 | Wisp |
| 11:32 | Wisp |
| 11:33 | Wisp |
| 11:37 | Ancient of Lore |
| 12:53 | Force of Nature |
| 13:28 | Tranquility |
| 13:53 | Abolish Magic |
| 13:53 | Dryad |
| 13:54 | Dryad |
| 13:56 | Marksmanship |
| 13:56 | Archer |
| 13:56 | Archer |
| 13:56 | Archer |
| 13:59 | Moon Well |
| 13:59 | Moon Well |
| 14:02 | Wisp |
| 14:02 | Wisp |
| 14:30 | Entangling Roots |
| 14:50 | Archer |
| 14:51 | Dryad |
| 15:26 | Archer |
| 15:28 | Wisp |
| 15:28 | Wisp |
| 15:28 | Wisp |
| 15:31 | Advanced Strength of the Moon |
| 15:40 | Wisp |
| 15:45 | Moon Well |
| 15:51 | Moon Well |
| 15:59 | Scroll of Town Portal |
| 15:59 | Orb of Venom |
| 16:17 | Archer |
| 16:18 | Archer |
| 16:18 | Archer |
| 16:59 | Glaive Thrower |
| 17:36 | Trueshot Aura |
| 18:10 | Thorns Aura |
| 18:12 | Searing Arrows |
| 18:20 | Archer |
| 18:20 | Glaive Thrower |
| 18:20 | Glaive Thrower |
| 18:21 | Glaive Thrower |
| Right click | 678 |
| Select | 251 |
| Select group | 136 |
| Build/train/purchase | 102 |
| Use ability | 40 |
| Assign group | 11 |


| Circlet of Nobility | 1 | 175 |
| total: | 1 | 175g |
| Acolyte | 11 | 825 | / | 0 |
| Ghoul | 12 | 1440 | / | 0 |
| Crypt Fiend | 18 | 3870 | / | 720 |
| Frost Wyrm | 4 | 1540 | / | 480 |
| total: | 45 | 7675g | / | 1200w |
| Nerubian Tower | 3 | 300 | / | 60 |
| Spirit Tower | 1 | 145 | / | 40 |
| Altar of Darkness | 1 | 180 | / | 50 |
| Ziggurat | 7 | 1050 | / | 350 |
| Crypt | 1 | 200 | / | 50 |
| Graveyard | 1 | 215 | / | 0 |
| Sacrificial Pit | 1 | 75 | / | 150 |
| Boneyard | 2 | 350 | / | 400 |
| Halls of the Dead | 1 | 320 | / | 210 |
| Black Citadel | 1 | 325 | / | 230 |
| total: | 13 | 2070g | / | 1000w |
| 0:06 | Altar of Darkness |
| 0:16 | Ziggurat |
| 0:23 | Crypt |
| 0:30 | Acolyte |
| 0:31 | Acolyte |
| 0:43 | Acolyte |
| 1:13 | Acolyte |
| 1:27 | Graveyard |
| 1:34 | Ghoul |
| 1:34 | Ghoul |
| 1:46 | Ziggurat |
| 1:57 | Ghoul |
| 1:58 | Ghoul |
| 2:12 | Ghoul |
| 2:21 | Ghoul |
| 2:22 | Ghoul |
| 2:28 | Death Coil |
| 2:46 | Ghoul |
| 2:50 | Nerubian Tower |
| 3:00 | Ziggurat |
| 3:27 | Crypt Fiend |
| 3:27 | Crypt Fiend |
| 3:41 | Crypt Fiend |
| 3:41 | Crypt Fiend |
| 3:51 | Nerubian Tower |
| 5:21 | Crypt Fiend |
| 5:21 | Crypt Fiend |
| 5:22 | Crypt Fiend |
| 5:32 | Spirit Tower |
| 5:39 | Unholy Aura |
| 6:22 | Halls of the Dead |
| 6:24 | Crypt Fiend |
| 6:25 | Crypt Fiend |
| 6:25 | Crypt Fiend |
| 6:51 | Ziggurat |
| 7:40 | Death Coil |
| 8:13 | Ziggurat |
| 8:36 | Crypt Fiend |
| 8:36 | Crypt Fiend |
| 8:36 | Crypt Fiend |
| 8:50 | Web |
| 9:17 | Crypt Fiend |
| 9:17 | Crypt Fiend |
| 10:07 | Crypt Fiend |
| 10:07 | Crypt Fiend |
| 10:07 | Crypt Fiend |
| 10:25 | Circlet of Nobility |
| 10:56 | Carrion Beetles |
| 11:03 | Black Citadel |
| 11:14 | Ziggurat |
| 13:16 | Sacrificial Pit |
| 13:19 | Ziggurat |
| 14:24 | Boneyard |
| 14:24 | Boneyard |
| 16:03 | Freezing Breath |
| 16:03 | Frost Wyrm |
| 16:03 | Frost Wyrm |
| 16:09 | Ghoul |
| 16:10 | Ghoul |
| 16:10 | Ghoul |
| 16:57 | Frost Wyrm |
| 16:57 | Frost Wyrm |
| 17:00 | Ghoul |
| 17:42 | Acolyte |
| 17:42 | Acolyte |
| 17:42 | Acolyte |
| 17:43 | Acolyte |
| 17:43 | Acolyte |
| 17:45 | Acolyte |
| 17:45 | Acolyte |
| Right click | 421 |
| Select | 167 |
| Select group | 83 |
| Build/train/purchase | 62 |
| Assign group | 23 |
| Use ability | 15 |
| Misc. action | 8 |
| Remove unit | 2 |
⇛